 Dungeon Crawl Stone Soup version 0.31-a0-145-g046c7d2549 (webtiles) character file.

Game seed: 6708531824881507948

422 qw the Skirmisher (level 6, -4/53 HPs)
             Began as a Minotaur Hunter on June 7, 2023.
             Was an Initiate of Okawaru.
             Succumbed to a water moccasin's poison
             ... on level 7 of the Dungeon.
             The game lasted 00:01:24 (3376 turns).

qw the Skirmisher (Minotaur Hunter)                 Turns: 3376, Time: 00:01:25

Health: -4/53      AC:  5    Str: 16    XL:     6   Next: 63%
Magic:  5/5        EV: 12    Int:  6    God:    Okawaru [......]
Gold:   244        SH:  5    Dex: 15    Spells: 5/5 levels left

rFire   . . .        Y - +0 shortbow
rCold   + + .        (shield currently unavailable)
rNeg    . . .        j - +1 robe "Bagufuny" {rC+}
rPois   .            (helmet restricted)
rElec   .            (no cloak)
rCorr   .            (no gloves)
SInv    .            k - +1 pair of boots {rampage}
Will    .....        h - amulet of reflection
Stlth   ++           a - ring of protection from cold
HPRegen 0.28/turn    (no ring)
MPRegen 0.09/turn

%: reflection, rampage
@: lethally poisoned (-4 -> -34)
A: horns 2, retaliatory headbutt
a: Renounce Religion


You were on level 7 of the Dungeon.
You worshipped Okawaru.
Okawaru was noncommittal.
You visited 2 branches of the dungeon, and saw 6 of its levels.

You collected 244 gold pieces.


Innate Abilities, Weirdness & Mutations

You have a pair of horns on your head.
You reflexively headbutt those who attack you in melee.


   Skills:
 - Level 4.4 Fighting
 - Level 8.1 Ranged Weapons
 + Level 2.1 Dodging
 - Level 0.7 Stealth


You had 5 spell levels left.
You didn't know any spells.
Your spell library was empty.

Inventory:

Hand Weapons
 Y - a +0 shortbow (weapon)
Armour
 i - a +0 ring mail
 j - the +1 robe "Bagufuny" (worn) {rC+}
   (You found it on level 3 of the Dungeon)

   rC:        It protects you from cold.
 k - a +1 pair of boots of rampaging (worn)
Jewellery
 a - a ring of protection from cold (left hand)
 h - an amulet of reflection (around neck)
Scrolls
 g - a scroll of identify
Potions
 b - 2 potions of cancellation
 d - a potion of mutation {unknown}
 f - 2 potions of might

Dungeon Overview and Level Annotations

Branches:
Dungeon (7/15)             Temple (1/1) D:7

Altars:
Ashenzari
Elyvilon
Hepliaklqana
Makhleb
Nemelex Xobeh
Okawaru
Qazlal
Vehumet
Xom


Message History

You shoot an arrow. The arrow misses the water moccasin.
The water moccasin bites you but does no damage.
You shoot an arrow. The arrow hits the water moccasin.
The water moccasin is moderately wounded.
The water moccasin completely misses you.
The water moccasin barely misses you. You furiously retaliate!
You headbutt the water moccasin. You shoot an arrow.
The arrow closely misses the water moccasin.
The water moccasin closely misses you. You furiously retaliate!
You headbutt the water moccasin. You shoot an arrow.
The arrow hits the water moccasin.
The water moccasin is severely wounded.
The water moccasin bites you!
You are poisoned.
The water moccasin poisons you! The water moccasin bites you.
You are more poisoned.
The water moccasin poisons you!
You shoot an arrow. The arrow hits the water moccasin.
The water moccasin is severely wounded.
You feel extremely sick. The water moccasin bites you.
You are lethally poisoned!
The water moccasin poisons you!
You shoot an arrow.
The arrow barely misses the water moccasin.
You feel extremely sick. The water moccasin misses you.
You shoot an arrow.
The arrow closely misses the water moccasin.
You feel very sick. The water moccasin bites you. x2
You are more poisoned.
The water moccasin poisons you!
You shoot an arrow. The arrow hits the water moccasin.
The water moccasin is severely wounded.
You feel extremely sick.
The water moccasin completely misses you.
You shoot an arrow. The arrow misses the water moccasin.
You die...

#.###.#.####....
..##.........>.}
#.##..#..###.... #
..##..#..###/#.} #.
#...............
#..#.###.##............
...........##..###.##.
##..#.###.##.##..#
#.##.
......S@.........#
#.##.
..<.#.######.##.##
#.### # # #.##.# #.#
#.##.# #.# #.##..
#.#### ###


You could see a water moccasin.

Vanquished Creatures
  An ice beast (D:7)
  A scorpion (D:3)
  A gnoll bouda (D:4)
  2 hounds (D:7)
  7 adders
  5 gnolls (D:4)
  A dart slug (D:1)
  2 orcs (D:4)
  3 bats (D:1)
  5 endoplasms
  3 giant cockroaches
  7 goblins
  5 hobgoblins
  2 jackals (D:3)
  9 kobolds
  9 quokkas
  6 ball pythons
  A frilled lizard (D:1)
  8 rats
78 creatures vanquished.

Notes
Turn   | Place    | Note
-------+----------+-------------------------------------------
     0 | D:1      | qw the Minotaur Hunter began the quest for the Orb.
     0 | D:1      | Reached XP level 1. HP: 18/18 MP: 0/0
     0 | D:1      | 0 ||| qw: Version: 0.2-a-117-gc6b5c8b
     0 | D:1      | 0 ||| qw: Game counter: 2489
     0 | D:1      | 0 ||| qw: Always use a shield: true
     0 | D:1      | 0 ||| qw: God list: Okawaru
     0 | D:1      | 0 ||| qw: Allow faded altars: false
     0 | D:1      | 0 ||| qw: Do Orc after D:15 true
     0 | D:1      | 0 ||| qw: Do second Lair branch before Depths: true
     0 | D:1      | 0 ||| qw: Lair rune preference: random
     0 | D:1      | 0 ||| qw: Plans: Normal
     0 | D:1      | 0 ||| PLANNING D:1-11
    41 | D:1      | 41 ||| DROPPING scroll of butterflies.
   115 | D:1      | Reached XP level 2. HP: 22/25 MP: 1/1
   117 | D:1      | 117 ||| FLEEEEING.
   140 | D:1      | Reached skill level 5 in Ranged Weapons
   225 | D:1      | Reached skill level 3 in Fighting
   441 | D:1      | Reached XP level 3. HP: 31/31 MP: 2/2
   706 | D:1      | 706 ||| READING scroll labelled ZIPRAOSHY DUGE.
   707 | D:1      | 707 ||| READING scroll labelled SAAHEU AMAROWONK.
  1452 | D:2      | Reached skill level 6 in Ranged Weapons
  1452 | D:2      | Reached XP level 4. HP: 38/38 MP: 3/3
  1574 | D:2      | 1574 ||| UPGRADING to amulet of reflection.
  1579 | D:2      | 1579 ||| UPGRADING to ring of protection from cold.
  1580 | D:2      | 1580 ||| READING 3 scrolls of identify.
  1580 | D:2      | 1580 ||| IDENTIFYING coppery potion
  1581 | D:2      | 1581 ||| READING 2 scrolls of identify.
  1581 | D:2      | 1581 ||| IDENTIFYING lumpy brown potion
  1582 | D:2      | 1582 ||| DROPPING potion of degeneration.
  1722 | D:3      | Noticed a scorpion
  1734 | D:3      | Killed a scorpion
  1735 | D:3      | Reached XP level 5. HP: 27/47 MP: 4/4
  1809 | D:3      | Found a hazy altar of Hepliaklqana.
  1810 | D:3      | Found a shimmering altar of Xom.
  1811 | D:3      | Noticed a black bear
  1811 | D:3      | Noticed a spectral ugly thing
  1865 | D:3      | Identified the +1 robe "Bagufuny" {rC+}
  2385 | D:3      | Found a faded altar of an unknown god.
  2469 | D:3      | 2469 ||| UPGRADING to +1 robe "Bagufuny" {rC+}.
  2479 | D:3      | 2479 ||| READING scroll labelled GOHOEXKYMI.
  2480 | D:3      | 2480 ||| READING 2 scrolls labelled NECIFO OGRAJIYTI.
  2481 | D:3      | 2481 ||| DRINKING 3 silvery potions.
  2482 | D:3      | 2482 ||| READING 3 scrolls of identify.
  2482 | D:3      | 2482 ||| IDENTIFYING glowing red potion
  2483 | D:3      | 2483 ||| READING 2 scrolls of identify.
  2483 | D:3      | 2483 ||| IDENTIFYING brown potion
  2484 | D:3      | 2484 ||| DROPPING potion of lignification.
  2485 | D:3      | 2485 ||| DROPPING 2 potions of brilliance.
  2486 | D:3      | 2486 ||| DROPPING scroll of magic mapping.
  2824 | D:4      | Reached skill level 7 in Ranged Weapons
  2824 | D:4      | HP: 9/47 [gnoll/+0 halberd[a gnoll bouda] (7)]
  2826 | D:4      | Reached XP level 6. HP: 11/53 MP: 5/5
  3111 | D:4      | You fall into a shaft and drop 3 floors!
  3131 | D:7      | Found a staircase to the Ecumenical Temple.
  3132 | D:7      | 3132 ||| PLANNING TEMPLE
  3132 | D:7      | 3132 ||| DROPPING +0 leather armour.
  3133 | D:7      | 3133 ||| UPGRADING to +1 pair of boots of rampaging.
  3138 | D:7      | 3138 ||| DROPPING ring of wizardry.
  3216 | Temple   | Entered the Ecumenical Temple
  3216 | Temple   | Found a transporter.
  3216 | Temple   | Found a transporter.
  3218 | Temple   | Found a transporter.
  3218 | Temple   | Found a transporter.
  3227 | Temple   | 3227 ||| PLANNING OKAWARU WORSHIP
  3234 | Temple   | Became a worshipper of Warmaster Okawaru
  3234 | Temple   | 3234 ||| PLANNING D:1-11
  3271 | D:7      | Noticed an ice beast
  3281 | D:7      | Killed an ice beast
  3322 | D:7      | Reached skill level 8 in Ranged Weapons
  3363 | D:7      | Noticed a water moccasin
  3374 | D:7      | HP: 12/53 [water moccasin (5)]
  3375 | D:7      | HP: 3/53 [poisoned by a water moccasin]
  3376 | D:7      | Succumbed to a water moccasin's poison

Levels and vault maps discovered:
D:1:      saegor_arrival_simple_b, layout_loops_ring, nrook_campfire,
          minmay_misc_feat_encased, amcnicky_mini_rare_corridor_liquid,
          minmay_3d_cube
D:2:      layout_basic
D:3:      layout_basic, regret_index_temple_of_mockery,
          ebering_ecumenical_altar_rust
D:4:      layout_basic, minmay_misc_feat_rugged, kennysheep_small_square
D:7:      layout_basic, cheibriados_altar_1, overflow_temple_1_default,
          gammafunk_temple_overflow_elements,
          minmay_temple_entry_drinking_statues, serial_shops,
          kennysheep_little_box, nicolae_shop_waterfront, uniq_maggie
Temple:   hellmonk_temple_divided_pantheon

Skill      XL: |  1  2  3  4  5  6 |
---------------+-------------------+-----
Ranged Weapons | 5 6 7 8 |  8.1
Fighting       | 3 4 |  4.4
Dodging        | |  2.1
Stealth        | |  0.7

Action                     |  1- 3 |  4- 6 || total
---------------------------+-------+-------++-------
   Fire: Shortbow          |   125 |   174 ||   299
    Use: Scroll            |     2 |     6 ||     8
         Potion            |       |     1 ||     1
 Armour: Leather armour    |    11 |     5 ||    16
         Robe              |       |    17 ||    17
  Dodge: Dodged            |    24 |    39 ||    63
  Block: Other             |       |    16 ||    16
         Reflection        |       |     1 ||     1

Table legend:
 A = Non-vault XP
 B = Vault XP
 C = Vault XP percentage of total XP
 D = Non-vault monster count
 E = Vault monster count
 F = Vault count percentage of total count
                 A         B        C        D         E       F
            +---------+---------+-------+---------+---------+-------
      Total |     595 |       8 |   1.3 |      73 |       5 |   6.4
            +---------+---------+-------+---------+---------+-------
        D:1 |      42 |       8 |  16.0 |      23 |       5 |  17.9
        D:2 |      59 |       0 |   0.0 |      14 |       0 |   0.0
        D:3 |     107 |       0 |   0.0 |      17 |       0 |   0.0
        D:4 |     176 |       0 |   0.0 |      16 |       0 |   0.0
        D:7 |     211 |       0 |   0.0 |       3 |       0 |   0.0
            +---------+---------+-------+---------+---------+-------
